[Event "*** Titled Tuesday Blitz"]
[Site "Chess.com"]
[Date "2021.03.02"]
[Round "5"]
[White "alejogarcia1999"]
[Black "fabianvivasz"]
[Result "1-0"]
[WhiteElo "2534"]
[BlackElo "2333"]
[TimeControl "180+1"]
[EndTime "10:55:35 PST"]
[Termination "alejogarcia1999 won on time"]

1. Nf3 c5 2. g3 Nf6 3. Bg2 Nc6 4. O-O g6 5. c4 Bg7 6. Nc3 d5 7. cxd5 Nxd5 8. d4 O-O 9. e3 cxd4 10. exd4 Nb6 11.
Be3 Nc4 12. Qe2 Nxe3 13. fxe3 Bg4 14. h3 Bxf3 15. Bxf3 e5 16. d5 Ne7 17. e4 Nc8 18.
Kg2 Nd6 19. Rac1 Rc8 20. Nb5 a6 21. Rxc8 Nxc8 22. Na3 Nd6 23. Rc1 Qb6 24. Nc4 Nxc4 25. Rxc4 f5 26. Qc2 Qf6 27. Rc7 fxe4 28. Qxe4 Qb6 29.
Rc2 Bf6 30. b3 Qd6 31. Qc4 b5 32. Qc6 Rd8 33. Qxd6 Rxd6 34. Rc7 Bg7 35. Be4 Bf8 36. Ra7 Rf6 37. h4 Bc5 38. Rc7 Bd6 39. Rc6 1-0

[Event "*** Titled Tuesday Blitz"]
[Site "Chess.com"]
[Date "2021.03.02"]
[Round "5"]
[White "davidkalashian"]
[Black "vugarrasulov"]
[Result "0-1"]
[WhiteElo "2580"]
[BlackElo "2795"]
[TimeControl "180+1"]
[EndTime "10:55:36 PST"]
[Termination "vugarrasulov won by resignation"]

1. e4 c5 2. Nc3 d6 3. Nf3 a6 4. d4 cxd4 5. Nxd4 Nf6 6. Be2 e5 7. Nb3 Be7 8. O-O O-O 9. f4 exf4 10. Bxf4 Nc6 11. Kh1 Be6 12. Nd4 Nxd4 13. Qxd4 Rc8 14. Rad1 b5 15. a3 Bc4 16. Rfe1 Bxe2 17. Rxe2 Rc4 18. Qa7 a5 19. Nxb5 Rxe4 20. Rxe4 Nxe4 21. Qd4 d5 22. Be3 Bc5 23. Qd3 Qb6 24. Nd4 Qxb2 25. Kg1 h6 26. Nf5 Qxa3 27. Qxa3 Bxa3 28. Rxd5 Bb4 29. Bd4 f6 30. Rd7 Rf7 31. Rd8+ Kh7 32. Re8 Nc3 33. Bxc3 Bxc3 34. Ra8 Rd7 35. g4 g6 36. Ng3 Bb4 37. Kg2 Kg7 38. Kf3 Rc7 39. h4 Rc3+ 40. Kg2 Rxc2+ 41. Kf3 Rc3+ 42. Kg2 Kf7 43.
h5 gxh5 44. Nxh5 Rc6 45. Nf4 Rc4 46. Ra7+ Ke8 47. Kf3 Bc3 48. Nd5 a4 49. Nb6 Rb4 50. Nxa4 Be5 51. Ra6 Rf4+ 52. Ke3 Rxg4 53. Nb6 h5 54.
Nd5 Kf7 55. Ra7+ Ke6 56. Nb6 Bd4+ 57. Kf3 Bxb6 58. Ra6 Rb4 0-1

[Event "*** Titled Tuesday Blitz"]
[Site "Chess.com"]
[Date "2021.03.02"]
[Round "5"]
[White "zacachess"]
[Black "Gahan-MG"]
[Result "0-1"]
[WhiteElo "2437"]
[BlackElo "2641"]
[TimeControl "180+1"]
[EndTime "10:55:36 PST"]
[Termination "Gahan-MG won on time"]

1. e4 c5 2. Nf3 d6 3. d4 cxd4 4.
Nxd4 Nf6 5. Nc3 a6 6. Bg5 e6 7. Qe2 Be7 8. f4 Qc7 9. O-O-O Nbd7 10. g4 b5 11. a3 Bb7 12. Bh4 Nb6 13. g5 Nfd7 14.
f5 Nc5 15. fxe6 Nxe6 16. Nxe6 fxe6 17. Bh3 O-O 18. Bxe6+ Kh8 19. Rhf1 Qc5 20. Nd5 Bxd5 21. exd5 Na4 22. Qe4 a5 23. Bf5 Rae8 24. Qd3 Bd8 25. Bxh7 Bb6 26. Bg6 Qe3+ 27. Qxe3 Bxe3+ 28. Kb1 Rb8 29. Bg3 Bc5 30. h4 b4 31. axb4 axb4 32.
Rf4 Rxf4 33. Bxf4 b3 34. cxb3 Rf8 35. Re1 Nb6 36. Re8 Rxe8 37. Bxe8 Nxd5 38. Bd2 Kg8 39. Kc2 Kf8 40. Bg6 Nb4+ 41. Bxb4 Bxb4 42. Kd3 Be1 0-1

[Event "*** Titled Tuesday Blitz"]
[Site "Chess.com"]
[Date "2021.03.02"]
[Round "5"]
[White "guillembaches"]
[Black "Twitch_ElhamBlitz05"]
[Result "1-0"]
[WhiteElo "2477"]
[BlackElo "2793"]
[TimeControl "180+1"]
[EndTime "10:55:36 PST"]
[Termination "guillembaches won on time"]

1. e4 c6 2. d4 d5 3. exd5 cxd5 4. Bd3 Nf6 5. h3 g6 6. Nf3 Bg7 7. O-O O-O 8. Bf4 Nc6 9. c3 Bf5 10. Be2 Rc8 11. Nbd2 a6 12. Re1 Ne4 13. Nf1 Nd6 14. Ne3 e6 15. Rc1 b5 16. a4 Nc4 17. axb5 axb5 18.
Nxf5 gxf5 19. b3 Nd6 20. Bxd6 Qxd6 21. Bxb5 Bf6 22. Bxc6 Rxc6 23. Ne5 Rc7 24. Re3 Rfc8 25.
Qh5 Kf8 26. Qxh7 f4 27. Qh6+ Ke7 28. Qxf4 Bxe5 29. dxe5 Qa3 30. Rf3 Ke8 31. c4 d4 32.
Rd1 Rd8 33. h4 Qb2 34. Rfd3 Rcd7 35. h5 Qe2 36. Qg5 Ra7 37. h6 Ra2 38. R3d2 Rxd2 39. Qxd2 Qh5 40. c5 d3 41. c6 Qxe5 42. h7 Ke7 43. b4 Qe2 44. b5 1-0

[Event "*** Titled Tuesday Blitz"]
[Site "Chess.com"]
[Date "2021.03.02"]
[Round "5"]
[White "Agoking701"]
[Black "CrushingKings"]
[Result "1-0"]
[WhiteElo "2245"]
[BlackElo "2386"]
[TimeControl "180+1"]
[EndTime "10:55:36 PST"]
[Termination "Agoking701 won by resignation"]

1. e4 c5 2. Nf3 e6 3. b4 cxb4 4. a3 b3 5. cxb3 d5 6. e5 Nc6 7.
d4 Nge7 8. Bd3 h5 9. Nc3 Nf5 10. Bc2 Be7 11. h4 Qb6 12. Na4 Qd8 13. Bg5 Bd7 14. Nc5 b6 15. Nb7 Qc7 16. Bxf5 exf5 17. Bxe7 Qxb7 18. Bd6 Be6 19. O-O Kd7 20. Rc1 Rac8 21.
Qd3 a6 22. b4 Na7 23. a4 Rc4 24. Nd2 Rxc1 25. Rxc1 Rc8 26. Rc3 Rxc3 27. Qxc3 Nc8 28. b5 Nxd6 29. exd6 Kxd6 30. Qg3+ Kd7 31. Qxg7 axb5 32.
axb5 Qc7 33. Nf3 Qc1+ 34. Kh2 Qf4+ 35. Qg3 Qe4 36. Qb8 f4 37. Ne5+ Ke7 38. Qc7+ Kf6 39. Qd8+ Kg7 40. Qg5+ Kf8 41. Qxh5 Qxd4 42. Qh8+ Ke7 43.
Ng6+ fxg6 44. Qxd4 1-0

[Event "*** Titled Tuesday Blitz"]
[Site "Chess.com"]
[Date "2021.03.02"]
[Round "5"]
[White "Witik"]
[Black "serhanberat_ozdemir"]
[Result "1-0"]
[WhiteElo "2718"]
[BlackElo "2534"]
[TimeControl "180+1"]
[EndTime "10:55:37 PST"]
[Termination "Witik won on time"]

1. e4 c5 2. Nf3 e6 3. d4 cxd4 4. Nxd4 a6 5. c4 Nf6 6. Nc3 Qc7 7. a3 b6 8. Be2 Bb7 9. Qd3 Be7 10. O-O O-O 11. f4 d6 12. b4 Nc6 13. Bb2 Rac8 14. Rac1 Rfd8 15. Nd5 exd5 16. cxd5 Nxb4 17. axb4 Qd7 18.
Nf5 Rxc1 19. Rxc1 Re8 20. Bf3 h6 21. Rd1 Bc8 22. g4 Qa4 23. e5 Bxf5 24. gxf5 Nh7 25. f6 Bxf6 26. exf6 Qxb4 27. Qd4 Qxd4+ 28. Bxd4 Nxf6 29.
Bxb6 Rb8 30. Bc7 Rb3 31. Kg2 Rb2+ 32. Kg3 h5 33. Bxd6 h4+ 34. Kxh4 Rxh2+ 35. Kg3 Rb2 36. Be7 Nd7 37. d6 f6 38. Bd5+ Kh7 39. Bf7 g5 40. fxg5 Kg7 41. Be6 1-0

[Event "*** Titled Tuesday Blitz"]
[Site "Chess.com"]
[Date "2021.03.02"]
[Round "5"]
[White "Hangar-18"]
[Black "aa175"]
[Result "1-0"]
[WhiteElo "2382"]
[BlackElo "2532"]
[TimeControl "180+1"]
[EndTime "10:55:37 PST"]
[Termination "Hangar-18 won by resignation"]

1. c4 Nf6 2. Nc3 g6 3. g3 d5 4. cxd5 Nxd5 5. Bg2 Nxc3 6. bxc3 Bg7 7. d4 O-O 8. e3 c5 9. Ne2 Nc6 10. O-O Qc7 11. a4 b6 12. d5 Rd8 13. Qc2 Nb4 14. cxb4 Bxa1 15. d6 Qb8 16. Bxa8 Qxa8 17. dxe7 Re8 18. f3 Bh3 19. Rf2 cxb4 20. Nf4 Bf5 21. e4 Bd4 22. exf5 Qxf3 23. f6 b3 24. Qe2 Qc3 25.
Bb2 Bxf2+ 26. Kxf2 Qc5+ 27. Kg2 Qc6+ 28. Kf2 Qc5+ 29.
Kf1 g5 30. Nd3 Qf5+ 31. Kg2 Qd5+ 32. Qf3 Qc4 33. Kh3 Qc2 34. Qg4 Qxd3 35. Qxg5+ Qg6 36. Qb5 Qh6+ 37. Kg2 Qd2+ 38. Kg1 Qe1+ 39. Kg2 Qd2+ 40. Kf3 Qd1+ 41. Kf4 Qd2+ 42. Ke4 Qc2+ 43. Ke3 Qc8 44. Qg5+ 1-0

[Event "*** Titled Tuesday Blitz"]
[Site "Chess.com"]
[Date "2021.03.02"]
[Round "5"]
[White "BanjoKazooieN64"]
[Black "MateusViageiro"]
[Result "0-1"]
[WhiteElo "2530"]
[BlackElo "2352"]
[TimeControl "180+1"]
[EndTime "10:55:37 PST"]
[Termination "MateusViageiro won by resignation"]

1. e4 c5 2. d4 cxd4 3. c3 d3 4. Nf3 Nc6 5. Qxd3 d6 6. Bg5 h6 7. Bh4 g5 8. Bg3 Bg7 9. Nbd2 Nf6 10. h4 g4 11. Nd4 a6 12. Nxc6 bxc6 13. e5 dxe5 14.
Qxd8+ Kxd8 15. Bxe5 Nh5 16. Bxg7 Nxg7 17. O-O-O Kc7 18.
g3 Be6 19. Bg2 a5 20. Nb3 Bxb3 21. axb3 Rhd8 22. Kc2 Nf5 23. Be4 Nd6 24. Bd3 a4 25. bxa4 Rxa4 26. Rhe1 e6 27. Re5 Rb8 28. Rh5 Ra2 29.
Rb1 Rh8 30. Be2 f5 31. Bd3 Ne8 32. Bc4 Ra5 33. b4 Re5 34. f4 gxf3 35. Bxe6 Ng7 36. Bf7 Nxh5 37. Bxh5 Re2+ 38. Kb3 Rf2 39. Re1 Rg8 40. Re6 Rxg3 41. Rxh6 Rf1 42. Rf6 f2 43. Rxf5 Rb1+ 44. Kc4 f1=Q+ 45. Rxf1 Rxf1 0-1

[Event "*** Titled Tuesday Blitz"]
[Site "Chess.com"]
[Date "2021.03.02"]
[Round "5"]
[White "CrazyMartian"]
[Black "Mihnea2017"]
[Result "1-0"]
[WhiteElo "2293"]
[BlackElo "2442"]
[TimeControl "180+1"]
[EndTime "10:55:37 PST"]
[Termination "CrazyMartian won on time"]

1. d4 Nf6 2. Bf4 e6 3. e3 d5 4. Nd2 Bd6 5. Bg3 b6 6. Ngf3 Bb7 7. Bd3 Ne4 8. c3 Nd7 9. Qb1 Ndf6 10. a4 O-O 11. a5 c5 12. Bxd6 Qxd6 13. O-O Qc7 14. a6 Bc6 15. Qd1 Nxd2 16. Qxd2 Nd7 17. Rfc1 e5 18. dxe5 Nxe5 19. Nxe5 Qxe5 20. Bf1 Rad8 21. Re1 Rfe8 22. g3 h5 23. Bg2 h4 24. b4 Ba8 25.
bxc5 bxc5 26. Rab1 Rd6 27. Red1 h3 28. Bxh3 Rxa6 29.
Bg2 Rd6 30. Rb5 Rc8 31. Ra5 Rc7 32. Qb2 Rb6 33. Qa3 Qe7 34. c4 Rb4 35. cxd5 Rcb7 36. d6 Qd7 37. Rxc5 Rb1 38. Rcc1 Rxc1 39. Qxc1 1-0

[Event "*** Titled Tuesday Blitz"]
[Site "Chess.com"]
[Date "2021.03.02"]
[Round "5"]
[White "Nuvas"]
[Black "KroshkaKami"]
[Result "1-0"]
[WhiteElo "2547"]
[BlackElo "2343"]
[TimeControl "180+1"]
[EndTime "10:55:39 PST"]
[Termination "Nuvas won by resignation"]

1. d4 g6 2. c4 Bg7 3. Nc3 d6 4.
g3 Nf6 5. Bg2 O-O 6. Nf3 c6 7. O-O Nbd7 8. e4 e5 9. h3 Qe7 10. Be3 h6 11. Qd2 Kh7 12. Rfe1 a5 13. Rad1 a4 14. c5 exd4 15. cxd6 dxc3 16. dxe7 cxd2 17.
exf8=N+ Nxf8 18. Nxd2 Be6 19. e5 Nd5 20. Bc5 Nd7 21.
Bd6 a3 22. Bxd5 Bxd5 23. b3 h5 24. Nb1 h4 25. Nxa3 hxg3 26. fxg3 b5 27. Rd2 Re8 28. Nxb5 Nxe5 29. Bxe5 Bxe5 30. Rde2 f6 31. Nc7 Rd8 32.
Nxd5 Rxd5 33. Kh2 Rd3 34. Re3 Rd2+ 35. R1e2 Rd1 36. a4 Ra1 37. Kg2 Ra3 38. Kf3 Ra1 39.
Rxe5 fxe5 40. Rxe5 Ra3 41. Re3 Kg7 42. Ke4 Kf6 43.
Kd4 Ra1 44. Rc3 Rc1 45. Rxc1 1-0

[Event "*** Titled Tuesday Blitz"]
[Site "Chess.com"]
[Date "2021.03.02"]
[Round "5"]
[White "GUST_b"]
[Black "Joseacorrea"]
[Result "1-0"]
[WhiteElo "2368"]
[BlackElo "2086"]
[TimeControl "180+1"]
[EndTime "10:55:39 PST"]
[Termination "GUST_b won on time"]

1. Nf3 d5 2. c4 c6 3. g3 e6 4. Bg2 f5 5. O-O Nf6 6. b3 Bd6 7. Ba3 O-O 8. d4 b6 9. Bxd6 Qxd6 10. Nbd2 Bb7 11. Ne5 Nbd7 12. Ndf3 Ne4 13. Nxd7 Qxd7 14. Ne5 Qd6 15. Bxe4 fxe4 16. e3 Rac8 17. Rc1 c5 18. Qd2 Rf6 19. a3 cxd4 20. Qxd4 Rf5 21. f4 exf3 22. Nxf3 e5 23. Qg4 Rcf8 24. Ng5 Rxf1+ 25. Rxf1 Rxf1+ 26. Kxf1 dxc4 27. Qxc4+ Qd5 28. Qxd5+ Bxd5 29. b4 h6 30. Nh3 Kf7 31. Nf2 Bc4+ 32. Ke1 Ke6 33.
Kd2 Kd5 34. Kc3 Be2 35. e4+ Kd6 36. Kd2 Bb5 37. Nd1 Bc6 38. Ke3 a5 39. Nc3 axb4 40. axb4 b5 41. h4 g5 42. Nd1 gxh4 43. gxh4 Ke6 44.
Kf3 Kf6 45. Nf2 Bb7 46. Ng4+ 1-0

[Event "*** Titled Tuesday Blitz"]
[Site "Chess.com"]
[Date "2021.03.02"]
[Round "5"]
[White "RobertoJBM"]
[Black "Parhamov"]
[Result "0-1"]
[WhiteElo "2714"]
[BlackElo "2890"]
[TimeControl "180+1"]
[EndTime "10:55:40 PST"]
[Termination "Parhamov won on time"]

1. d4 Nf6 2. Nf3 b5 3. e3 a6 4. Bd3 Bb7 5. O-O e6 6. Qe2 c5 7.
c3 d5 8. Nbd2 Nbd7 9. a4 c4 10.
Bc2 Bd6 11. e4 dxe4 12. Nxe4 Nxe4 13. Bxe4 Bxe4 14. Qxe4 O-O 15. axb5 axb5 16. Bg5 Qc8 17. Bh4 h6 18. Bg3 Bxg3 19. hxg3 Nf6 20. Qe5 Qb7 21.
Nd2 Rfd8 22. f3 Rd5 23. Qe3 Rdd8 24. Qe5 b4 25. Nxc4 bxc3 26. bxc3 Qb3 27. Ne3 Qxc3 28.
Rxa8 Rxa8 29. Rd1 Ra5 30. Qb8+ Kh7 31. Qb1+ g6 32. Qd3 Qb4 33. Qd2 Qb5 34. Qd3 Qb8 35. g4 Ra2 36. Rd2 Ra4 37. Rd1 Rb4 38. d5 Qb6 0-1

[Event "*** Titled Tuesday Blitz"]
[Site "Chess.com"]
[Date "2021.03.02"]
[Round "5"]
[White "Fraler15"]
[Black "Grimlock_Glasgow"]
[Result "0-1"]
[WhiteElo "2280"]
[BlackElo "2458"]
[TimeControl "180+1"]
[EndTime "10:55:40 PST"]
[Termination "Grimlock_Glasgow won by checkmate"]

1. e4 e5 2. Nf3 d5 3. Nxe5 Bd6 4. d4 dxe4 5. Nc3 Bxe5 6. dxe5 Qxd1+ 7. Kxd1 Nc6 8. Nd5 Bg4+ 9. f3 exf3 10. Ke1 O-O-O 11. h3 Rxd5 12. hxg4 fxg2 13. Bxg2 Rxe5+ 14. Kf2 Nf6 15. g5 Ne4+ 16. Kf3 Nxg5+ 17. Bxg5 Rxg5 18. Rad1 Re5 19. Bh3+ f5 20. Kf4 g6 21. Bg2 Re2 22. Bd5 Nd8 23.
Bb3 Ne6+ 24. Kf3 Re5 25. Rh2 Re4 26. c3 Ng5+ 27. Kf2 Rd8 28. Rxd8+ Kxd8 29. Rg2 Rg4 30. Rxg4 fxg4 31. Kg3 h5 32. Bc2 Nh7 33. Bxg6 Nf6 34.
a4 b6 35. Bf5 Ke7 36. Kh4 Kd6 37. Kg5 Ke5 38. Bd3 g3 39. Bf1 a5 40. Bg2 c5 41.
Bf1 Ng4 42. Kxh5 Ne3 43. Kh4 Nxf1 44. Kh3 Kf4 45. Kg2 Ne3+ 46. Kg1 Kf3 47. b4 cxb4 48. cxb4 axb4 49. a5 bxa5 50. Kh1 b3 51. Kg1 b2 52. Kh1 b1=R# 0-1

[Event "*** Titled Tuesday Blitz"]
[Site "Chess.com"]
[Date "2021.03.02"]
[Round "5"]
[White "GMaka"]
[Black "Rodalquilar"]
[Result "0-1"]
[WhiteElo "2450"]
[BlackElo "2643"]
[TimeControl "180+1"]
[EndTime "10:55:41 PST"]
[Termination "Rodalquilar won by resignation"]

1. d4 d5 2. Bf4 Nf6 3. e3 e6 4. Bd3 Bd6 5. Bg3 c5 6. c3 Qc7 7. Nf3 Nbd7 8. O-O O-O 9. Na3 a6 10. c4 Bxg3 11. hxg3 dxc4 12. Nxc4 b5 13. Nce5 Nxe5 14.
dxe5 Nd5 15. Bxh7+ Kxh7 16. Ng5+ Kh6 17. Qg4 Qxe5 18.
Qh4+ Kg6 19. Qh7+ Kf6 20. Ne4+ Ke7 21. Nxc5 Nxe3 22. Rfe1 Qxc5 23. Rac1 Nc4 24. b3 Bb7 25. bxc4 Rh8 26. Qxg7 Rag8 27. Qe5 Qxe5 28. Rxe5 Rc8 29. c5 Bd5 30. a3 Rc7 31. Re3 Rhc8 32. Rec3 Bc4 33.
f4 Rxc5 34. g4 a5 35. Kf2 b4 36. axb4 axb4 37. R3c2 b3 38. Rb2 Bd5 39. Rcb1 Rc2+ 40. Kg3 Rxb2 41. Rxb2 Rc2 42. Rb1 b2 43. Kh4 Ba2 0-1

[Event "*** Titled Tuesday Blitz"]
[Site "Chess.com"]
[Date "2021.03.02"]
[Round "5"]
[White "lucachess49"]
[Black "KNCP_719"]
[Result "0-1"]
[WhiteElo "2406"]
[BlackElo "2593"]
[TimeControl "180+1"]
[EndTime "10:55:41 PST"]
[Termination "KNCP_719 won on time"]

1. d4 d5 2. c4 c6 3. Nc3 Nf6 4. e3 e6 5. Nf3 a6 6. Qc2 c5 7.
cxd5 exd5 8. Bd3 Nc6 9. O-O Be6 10. a3 cxd4 11. exd4 Be7 12. Re1 O-O 13. Bg5 Rc8 14.
Bxf6 Bxf6 15. Bxh7+ Kh8 16. Bf5 Qd7 17. Bxe6 fxe6 18.
Rad1 Qf7 19. Qe2 Rce8 20. Rd3 Kg8 21. Ne5 Bxe5 22. dxe5 Nxe5 23. Rh3 Ng6 24. g3 e5 25. Rf1 d4 26. Qh5 Qf5 27. Qh7+ Kf7 28. Rh5 Qf3 29. Rg5 Re6 30. Qh3 Rh8 31. Rf5+ Rf6 32. Rxf6+ Kxf6 33. Qd7 dxc3 34. Rd1 Kg5 35. h4+ Kh6 36. bxc3 Rf8 37.
Rd2 Rf7 38. Qd6 Kh7 39. Qe6 Rf6 40. Qe8 e4 41. Qe7 Qf5 42. Qb4 Ne5 0-1

[Event "*** Titled Tuesday Blitz"]
[Site "Chess.com"]
[Date "2021.03.02"]
[Round "5"]
[White "WanderingPuppet"]
[Black "LamaChampetre"]
[Result "0-1"]
[WhiteElo "2458"]
[BlackElo "2221"]
[TimeControl "180+1"]
[EndTime "10:55:41 PST"]
[Termination "LamaChampetre won on time"]

1. e4 c5 2. Nf3 g6 3. d4 cxd4 4. Qxd4 Nf6 5. Nc3 Nc6 6. Qa4 d6 7. e5 dxe5 8. Nxe5 Bd7 9. Nxd7 Nxd7 10. Bd2 Bg7 11. O-O-O O-O 12. h4 Nb6 13. Qg4 Qc8 14.
Qg3 Nb4 15. Kb1 N6d5 16. a3 Nxc3+ 17. Bxc3 Bxc3 18. Qxc3 Qxc3 19. bxc3 Nc6 20. h5 Rfd8 21.
Be2 Ne5 22. f4 Nc6 23. hxg6 hxg6 24. Bf3 Na5 25. Rde1 e6 26. Re4 Rac8 27. Ra4 b6 28. f5 exf5 29. g4 Rxc3 30. gxf5 Rxf3 31. fxg6 fxg6 32.
Rah4 Kg7 33. Rh7+ Kf6 34. Rxa7 Nc4 35. Rhh7 Kg5 36. Rh1 Nd2+ 37. Kc1 Rf1+ 38. Rxf1 Nxf1 39. Ra6 Rd6 40. a4 Ne3 41. a5 Rd1+ 42. Kb2 bxa5 43.
Rxa5+ Kf4 0-1

[Event "*** Titled Tuesday Blitz"]
[Site "Chess.com"]
[Date "2021.03.02"]
[Round "5"]
[White "fridaywins"]
[Black "Albertu"]
[Result "0-1"]
[WhiteElo "2130"]
[BlackElo "2361"]
[TimeControl "180+1"]
[EndTime "10:55:41 PST"]
[Termination "Albertu won by resignation"]

1. e4 e5 2. Nf3 Nc6 3. Bb5 g6 4. c3 Bg7 5. d4 exd4 6. cxd4 a6 7.
Ba4 b5 8. Bb3 Nge7 9. d5 Na5 10.
Bc2 d6 11. Nd4 O-O 12. O-O Bb7 13. Nc3 Qd7 14. a4 b4 15. Nce2 Rac8 16. Bg5 h6 17. Bh4 c5 18. dxc6 Nexc6 19. Nxc6 Rxc6 20. Rb1 Re8 21. Bg3 Rxc2 22. Qxc2 Bxe4 23. Qd2 Bxb1 24. Rxb1 Qxa4 25. Bxd6 Rd8 26. Qxb4 Qc2 27. Re1 Nc6 28. Qc5 Qxc5 29. Bxc5 Bxb2 30. f3 Rd2 31. Kf2 Nd4 32. Ke3 Rxe2+ 33. Rxe2 Nxe2 34. Kxe2 a5 35. Ke3 a4 36.
Kd2 a3 37. Kc2 Kg7 38. Kb3 Kf6 39. Bxa3 Bxa3 40. Kxa3 Ke5 41. Kb4 Kd4 42. Kb5 Ke3 43. Kc5 Kf2 44. Kd5 Kxg2 45. Ke5 Kxf3 46. Kf6 g5 47.
Kxf7 h5 48. Kg6 Kg4 49. Kh6 h4 50. h3+ Kxh3 51. Kxg5 Kg3 52. Kf5 h3 0-1

[Event "*** Titled Tuesday Blitz"]
[Site "Chess.com"]
[Date "2021.03.02"]
[Round "5"]
[White "ViktoriyaTarasova"]
[Black "ShahMatKanal"]
[Result "0-1"]
[WhiteElo "2289"]
[BlackElo "2501"]
[TimeControl "180+1"]
[EndTime "10:55:42 PST"]
[Termination "ShahMatKanal won by checkmate"]

1. d4 Nf6 2. c4 e6 3. Nc3 d5 4.
cxd5 exd5 5. Bg5 c6 6. Qc2 g6 7.
e3 Bf5 8. Qb3 b6 9. Nf3 Be7 10.
h3 O-O 11. g4 Be6 12. Be2 Ne4 13. Bxe7 Qxe7 14. Ne5 c5 15. Nxe4 dxe4 16. Bc4 cxd4 17. exd4 Bxc4 18. Qxc4 Nd7 19. Nxd7 Qxd7 20. O-O Rac8 21.
Qe2 Qxd4 22. Rad1 Qe5 23. Rfe1 Rfe8 24. Rd7 Rc7 25. Red1 a5 26. R7d6 Rce7 27. Rxb6 Qc7 28.
Rbd6 e3 29. f3 Qb8 30. Kg2 Re5 31. b3 h5 32. Rd7 h4 33. Qc4 R5e7 34. f4 e2 35.
Rxe7 Rxe7 36. Re1 Qb7+ 37. Kf2 Qa7+ 38. Kg2 Qe3 39. Qc8+ Kh7 40. Qc6 Qg3+ 41. Kh1 Qxe1+ 42. Kg2 Qg3+ 43. Kh1 e1=Q# 0-1

[Event "*** Titled Tuesday Blitz"]
[Site "Chess.com"]
[Date "2021.03.02"]
[Round "5"]
[White "Xeniya2005"]
[Black "PawnEatingZombie"]
[Result "0-1"]
[WhiteElo "2345"]
[BlackElo "2205"]
[TimeControl "180+1"]
[EndTime "10:55:42 PST"]
[Termination "PawnEatingZombie won on time"]

1. e4 c6 2. d4 d5 3. Nd2 dxe4 4. Nxe4 Bf5 5. Ng3 Bg6 6. h4 h6 7. Nf3 Nd7 8. h5 Bh7 9. Bd3 Bxd3 10. Qxd3 e6 11. Bd2 Ngf6 12. O-O-O Be7 13. Ne4 Qb6 14. Nxf6+ Bxf6 15. Bf4 c5 16. c3 cxd4 17. Nxd4 O-O 18. Be3 Nc5 19. Qe2 Rac8 20. g4 Na4 21. Rd2 Qa5 22.
Rc2 a6 23. f4 Qd5 24. Qh2 Qxa2 25. g5 Nxb2 26. Rxb2 Rxc3+ 27. Nc2 Qa1+ 28. Rb1 Qa3+ 29. Kd2 Rxc2+ 30. Kxc2 Qxe3 31. gxf6 Rc8+ 32. Kb2 Qb6+ 33. Ka1 Qa5+ 34. Qa2 Qc3+ 35. Rb2 Qxf6 36. Qb3 Rc5 37. Qxb7 Ra5+ 38. Kb1 Qf5+ 39. Kc1 Rc5+ 40. Kd2 Qxf4+ 0-1

[Event "*** Titled Tuesday Blitz"]
[Site "Chess.com"]
[Date "2021.03.02"]
[Round "5"]
[White "JoakimVonAnd"]
[Black "GCamachoMartinez"]
[Result "1-0"]
[WhiteElo "2501"]
[BlackElo "2292"]
[TimeControl "180+1"]
[EndTime "10:55:43 PST"]
[Termination "JoakimVonAnd won by resignation"]

1. d4 Nf6 2. Nf3 g6 3. Bf4 Bg7 4. e3 O-O 5. Be2 d6 6. O-O c5 7. c3 b6 8. h3 Bb7 9. Nbd2 Nbd7 10. a4 a6 11. Bh2 Qc7 12. b4 cxd4 13. cxd4 Rfc8 14.
Rc1 Qd8 15. Qb3 Bd5 16. Qb2 Ne4 17. Nxe4 Bxe4 18. Rc3 Rxc3 19. Qxc3 Rc8 20. Qb3 Bb7 21. Bc4 e6 22. Bxd6 Bxf3 23. gxf3 Qh4 24. Bxe6 fxe6 25.
Qxe6+ Kh8 26. Qxd7 Rd8 27. Qe7 Bf6 28. Be5 Qg5+ 29.
Kh2 Bxe5+ 30. Qxe5+ Qxe5+ 31. dxe5 Rd2 32. Kg3 Rb2 33.
Rc1 Rxb4 34. Rc6 a5 35. Rc8+ Kg7 36. Rc7+ Kg8 37. Rb7 h5 38. f4 Kf8 39. Kh4 b5 40. Rxb5 Rxb5 41. axb5 Ke7 42. b6 Kd7 43. b7 Kc7 44. e6 a4 45. e7 a3 46. e8=Q a2 47. Qc8+ 1-0

[Event "*** Titled Tuesday Blitz"]
[Site "Chess.com"]
[Date "2021.03.02"]
[Round "5"]
[White "Beca95"]
[Black "Hikaru"]
[Result "0-1"]
[WhiteElo "2887"]
[BlackElo "3244"]
[TimeControl "180+1"]
[EndTime "10:55:44 PST"]
[Termination "Hikaru won by resignation"]

1. d4 Nf6 2. c4 e6 3. Nc3 Bb4 4.
Nf3 O-O 5. Bg5 c5 6. d5 d6 7. e3 exd5 8. cxd5 Nbd7 9. Nd2 h6 10.
Bh4 Ne5 11. Be2 Ng6 12. Bg3 Re8 13. Qb3 Ne7 14. e4 Ng6 15. f3 Nh5 16. Bf2 Nhf4 17. Bf1 f5 18. O-O-O Ne5 19. Qc2 fxe4 20. Ndxe4 Bf5 21.
Be3 Nfg6 22. Bb5 Rf8 23. Be2 a6 24. h4 Nxh4 25. Kb1 b5 26. Rh2 Bh7 27. Rdh1 Nf5 28. Qc1 Nxe3 29. Qxe3 Bxc3 30. bxc3 Qf6 31. Ka1 Bxe4 32.
Qxe4 Rae8 33. Qc2 Ng6 34. Bd3 Nf4 35. Be4 b4 36. g3 Rxe4 37. fxe4 Ng6 38. Rc1 Ne5 39. Re2 a5 40. Re3 Nc4 41. Rd3 Ne5 42.
Re3 Qg5 43. Re2 Qxg3 44. Rg2 Qe3 45. Rcg1 g5 46. Rh1 Kg7 47. Rgh2 Rf6 48. Rg2 Qxc3+ 49.
Qxc3 bxc3 50. Rc2 g4 51. Rxc3 Kg6 52. Rg1 h5 53. Rh1 Kg5 54. Rc2 h4 55. Rch2 h3 0-1

[Event "*** Titled Tuesday Blitz"]
[Site "Chess.com"]
[Date "2021.03.02"]
[Round "5"]
[White "TorFredrikKaasen"]
[Black "eldur16"]
[Result "1-0"]
[WhiteElo "2730"]
[BlackElo "2538"]
[TimeControl "180+1"]
[EndTime "10:55:44 PST"]
[Termination "TorFredrikKaasen won on time"]

1. e4 Nf6 2. e5 Nd5 3. d4 d6 4. Nf3 Bg4 5. h3 Bxf3 6. Qxf3 dxe5 7. dxe5 e6 8. c3 Nd7 9. Qe2 c6 10. c4 Ne7 11. Nc3 Nf5 12. Bf4 g5 13. Bh2 Qa5 14.
a3 Bg7 15. O-O-O Nxe5 16. Ne4 O-O 17. g4 Ne7 18. Qc2 Nf3 19. Bd6 Rfe8 20. Bb4 Qb6 21. Bc3 e5 22. c5 Qc7 23. Bc4 h6 24. Nd6 Rf8 25. Qe4 Nh4 26. Bxe5 Bxe5 27. Qxe5 Nd5 28.
Rhe1 Ng6 29. Qd4 Kh7 30. Nf5 Rg8 31. Kb1 Rad8 32. Qe4 Nf6 33. Qe2 Rxd1+ 34. Rxd1 Ne5 35. Bb3 Ng6 36. Nd6 Rf8 37. Qd3 Kg7 38. Nf5+ Kh7 39.
Qd6 Qc8 40. Qxf6 1-0

[Event "*** Titled Tuesday Blitz"]
[Site "Chess.com"]
[Date "2021.03.02"]
[Round "5"]
[White "1977Ivan"]
[Black "Anton_Demchenko"]
[Result "0-1"]
[WhiteElo "2767"]
[BlackElo "2924"]
[TimeControl "180+1"]
[EndTime "10:55:45 PST"]
[Termination "Anton_Demchenko won on time"]

1. e4 e5 2. Nf3 Nc6 3. Nc3 Nf6 4. Bb5 Nd4 5. O-O Nxb5 6. Nxb5 c6 7. Nc3 d6 8. d4 Qc7 9. a4 Be7 10. a5 h6 11. h3 g5 12. Nh2 Rg8 13. f3 h5 14.
Be3 g4 15. dxe5 dxe5 16. fxg4 hxg4 17. Rxf6 Bxf6 18. Nxg4 Bxg4 19. hxg4 Qd7 20. Qf1 Qxg4 21. a6 b6 22. Rd1 Rd8 23. Rxd8+ Bxd8 24. b4 Bg5 25. Bf2 Bf4 26. Ne2 Bd2 27. b5 Qxe4 28. Ng3 Qxc2 29. bxc6 Qc1 30. Nf5 Qxf1+ 31. Kxf1 Kd8 32.
Ke2 Bb4 33. Bh4+ Kc7 34. g3 Kxc6 35. Nh6 Rf8 36. Bf6 Bd6 37. Bg7 Re8 38. g4 Bf8 39. Bxf8 Rxf8 40. g5 Kd5 41. Ke3 Ke6 42. Ke4 Rc8 0-1

[Event "*** Titled Tuesday Blitz"]
[Site "Chess.com"]
[Date "2021.03.02"]
[Round "5"]
[White "Stouuf"]
[Black "ChessNinja48"]
[Result "0-1"]
[WhiteElo "2599"]
[BlackElo "2430"]
[TimeControl "180+1"]
[EndTime "10:55:45 PST"]
[Termination "ChessNinja48 won by resignation"]

1. e4 e5 2. Nf3 Nc6 3. d4 exd4 4. Nxd4 Nf6 5. Nxc6 bxc6 6. e5 Qe7 7. Qe2 Nd5 8. c4 Nb6 9. Nc3 a5 10. b3 a4 11. Rb1 axb3 12. axb3 Qh4 13. g3 Qd4 14. Bd2 Bb4 15. Rc1 Ra3 16. Qd1 Qxe5+ 17. Be2 O-O 18. O-O d6 19. Bf4 Qf5 20. Bd3 Qg4 21. Be2 Qg6 22. Bf3 Bd7 23. h4 h6 24. h5 Qf5 25.
Ne2 Bc5 26. Nd4 Bxd4 27. Qxd4 Rxb3 28. Bg2 c5 29. Qd1 Rb2 30. Re1 Be6 31. Be4 Qf6 32. Bd3 Ra8 33. Qf3 Raa2 34. Rf1 Qd4 35. Rcd1 Qf6 36.
Qe4 Kf8 37. Rde1 Nd7 38. Qh7 Ne5 39. Bxe5 dxe5 40. Qe4 Rxf2 41. Re2 Rxf1+ 42. Kg2 Rxe2+ 43. Bxe2 Ra1 44. Bf3 Ra2+ 45. Kg1 Qd8 46. Qe3 Qd4 0-1